 Dungeon Crawl Stone Soup version 0.23-a0-622-g59b4ea9 (webtiles) character file.

6129 rageheart7 the Fighter (level 10, 0/60 HPs)
             Began as a Vine Stalker Fighter on Dec 23, 2018.
             Was a Priest of Uskayaw.
             Killed by vampiric draining
             ... invoked by a vampire
              (10 damage)
             ... on level 9 of the Dungeon.
             The game lasted 00:14:43 (8774 turns).

rageheart7 the Fighter (Vine Stalker Fighter)       Turns: 8774, Time: 00:14:43

Health: 0/60       AC: 14    Str: 20    XL:     10   Next: 89%
Magic:  0/11       EV:  9    Int:  8    God:    Uskayaw [***...]
Gold:   441        SH:  0    Dex: 16    Spells: 9/9 levels left

rFire    . . .     SeeInvis .   a - +0 rapier
rCold    . . .     Gourm    .   (no shield)
rNeg     . . .     Faith    +   u - +0 plate armour
rPois    +         Spirit   +   p - +0 helmet
rElec    .         Reflect  .   E - +1 cloak
rCorr    .         Harm     .   (no gloves)
MR       +....                  (no boots)
Stlth    ..........             n - amulet of faith
HPRegen  0.60/turn              B - +4 ring of evasion
MPRegen  0.12/turn              r - ring of poison resistance

@: no status effects
A: fangs 3, regeneration 1, magic shield, antimagic bite, no potion heal 3, rot
immunity
a: Stomp, Line Pass, Renounce Religion


You were on level 9 of the Dungeon.
You worshipped Uskayaw.
Uskayaw was noncommittal.
You were not hungry.

You visited 2 branches of the dungeon, and saw 11 of its levels.

You collected 441 gold pieces.

Inventory:

Hand Weapons
 a - a +0 rapier (weapon)
Armour
 c - a +0 shield
 p - a +0 helmet (worn)
 u - a +0 plate armour (worn)
 E - a +1 cloak (worn)
Jewellery
 k - an uncursed amulet of regeneration
 n - an amulet of faith (around neck)
 r - a ring of poison resistance (right hand)
 B - a +4 ring of evasion (left hand)
Wands
 e - a wand of paralysis (6)
 o - a wand of polymorph (6)
 y - a wand of acid (10)
 z - a wand of flame (6)
Scrolls
 b - a scroll of blinking
 g - 3 scrolls of identify
 h - a scroll of amnesia
 m - a scroll of remove curse
 q - a scroll of enchant armour
 v - 4 scrolls of teleportation
 A - 3 scrolls of fog
Potions
 d - 5 potions of might
 j - a potion of resistance
 l - 3 potions of curing
 t - a potion of invisibility
 w - a potion of flight
 x - 2 potions of haste
Comestibles
 f - 13 rations


   Skills:
 - Level 10.8 Fighting
 * Level 10.3 Short Blades
 * Level 2.8 Armour
 - Level 2.6 Shields
 * Level 0.5 Invocations


You had 9 spell levels left.
You didn't know any spells.
Your spell library contained the following spells:

 Spells                   Type           Power        Failure   Level  Hunger
 Animate Skeleton         Necr           N/A          100%        1    ##.....
 Apportation              Tloc           #.....       100%        1    ##.....
 Confusing Touch          Hex            #.....       100%        1    ##.....
 Magic Dart               Conj           #...         100%        1    ##.....
 Summon Small Mammal      Summ           #...         100%        1    ##.....
 Blink                    Tloc           N/A          100%        2    ###....
 Call Imp                 Summ           #.......     100%        2    ###....
 Slow                     Hex            #.......     100%        2    ###....
 Conjure Flame            Conj/Fire      #.......     100%        3    ####...
 Mephitic Cloud           Conj/Pois/Air  #.......     100%        3    ####...


Dungeon Overview and Level Annotations

Branches:
Dungeon (10/15)            Temple (1/1) D:4            Lair (0/6) D:9
    Orc: D:9-12

Altars:
Ashenzari
Cheibriados
Dithmenos
Elyvilon
Fedhas
Gozag
Hepliaklqana
Kikubaaqudgha
Makhleb
Nemelex Xobeh
Okawaru
Qazlal
Ru
Sif Muna
Trog
Uskayaw
Vehumet
Wu Jian
Xom
Yredelemnul
Zin
The Shining One

Annotations:
D:7 3 runed doors, arthad's ghost, novice TeBe


Innate Abilities, Weirdness & Mutations

You have razor-sharp teeth.
Your natural rate of healing is unusually fast.
When hurt, damage is shared between your health and your magic reserves.
Your bite disrupts and absorbs the magic of your enemies.
Potions cannot restore your health.
You are immune to rotting.


Message History

Okay, then.
Your plate armour prevents you from hitting something.
Your bite misses something. Something hits you but does no damage.
Something bites you.
* * * LOW HITPOINT WARNING * * *
Something draws strength from your injuries!
Aiming: Line Pass
Press: ? - help, Dir - move target cursor
Okay, then.
You stomp with the beat, sending a shockwave through the revelers around you!
You feel somewhat more hungry. Something hits you but does no damage.
Something bites you.
* * * LOW HITPOINT WARNING * * *
Something draws strength from your injuries!
Uskayaw will force your foes to share their pain.
You stomp with the beat, sending a shockwave through the revelers around you!
You feel somewhat more hungry.
Unholy energy fills the air.
You die...

#....... #.......#
#....... +.......#
#......# #.......# #
#......# #.......#
#.#####....).# #.......#
#............# ........#
#............'
......))#####........(...#
.......).@................
.......)...........(.....(
..........................
.......................###
................######## #
###############.# # ### #
# #


There were no monsters in sight!

Vanquished Creatures
  A death yak (D:8)
  2 trolls
  Grinder (D:5)
  A hippogriff (D:9)
  Sigmund (D:5)
  Eustachio (D:5)
  Edmund (D:4)
  A phantom (D:5)
  A black bear (D:8)
  2 orc warriors
  5 ogres
  4 sky beasts
  A centaur (D:9)
  2 big kobolds (D:7)
  A wyvern zombie (D:7)
  5 bullfrogs
  5 scorpions
  12 killer bees
  3 wights (D:6)
  2 howler monkeys
  4 crimson imps
  4 hounds
  5 jellies
  7 orc priests
  5 orc wizards
  A bullfrog skeleton (D:6)
  2 centaur skeletons
  4 iguanas
  7 worker ants
  Natasha (twice) (D:2)
  A hound zombie (D:7)
  A hound skeleton (D:5)
  A howler monkey zombie (D:9)
  4 worker ant zombies
  A howler monkey skeleton (D:6)
  8 adders
  4 river rats (D:5)
  2 shadow imps
  2 oozes (D:1)
  A worm (D:3)
  7 dart slugs
  3 leopard geckos
  32 orcs
  5 giant cockroaches
  9 goblins
  11 hobgoblins
  12 jackals
  21 kobolds
  4 quokkas
  2 ball pythons
  8 bats
  5 frilled lizards
  A jackal zombie (D:5)
  A leopard gecko skeleton (D:7)
  A quokka skeleton (D:8)
  19 rats
  A bush (D:2)
  A plant (D:5)
261 creatures vanquished.

Notes
Turn   | Place    | Note
-------+----------+-------------------------------------------
     0 | D:1      | rageheart7 the Vine Stalker Fighter began the quest for the
                  | Orb.
     0 | D:1      | Reached XP level 1. HP: 11/11 MP: 2/2
    66 | D:1      | Reached XP level 2. HP: 14/16 MP: 3/3
   309 | D:1      | Reached XP level 3. HP: 15/20 MP: 2/4
   831 | D:2      | Found a shattered altar of Ashenzari.
   889 | D:2      | Gained mutation: Your natural rate of healing is unusually
                  | fast. [Vine Stalker growth]
   889 | D:2      | Reached XP level 4. HP: 25/25 MP: 5/5
  1188 | D:2      | Noticed Natasha
  1192 | D:2      | Killed Natasha
  1202 | D:2      | Reached XP level 5. HP: 28/29 MP: 6/6
  1394 | D:2      | Noticed Natasha
  1402 | D:2      | Killed Natasha
  1814 | D:3      | Found a blossoming altar of Fedhas.
  2549 | D:4      | Found a staircase to the Ecumenical Temple.
  2570 | Temple   | Entered the Ecumenical Temple
  2815 | Temple   | Became a worshipper of Uskayaw the Reveler
  2915 | D:4      | Reached * piety under Uskayaw
  2921 | D:4      | Reached XP level 6. HP: 26/33 MP: 7/7
  2921 | D:4      | Reached ** piety under Uskayaw
  3091 | D:4      | Reached skill level 5 in Short Blades
  3091 | D:4      | Reached *** piety under Uskayaw
  3093 | D:4      | Reached **** piety under Uskayaw
  3143 | D:4      | Reached XP level 7. HP: 28/38 MP: 8/8
  3469 | D:4      | Noticed a moth of wrath
  3472 | D:4      | Found a bloodstained altar of Trog.
  3531 | D:4      | Noticed Edmund
  3561 | D:4      | HP: 1/38 [Edmund/+2 dire flail of draining (6)]
  3611 | D:4      | Killed Edmund
  3611 | D:4      | Reached skill level 5 in Fighting
  3966 | D:5      | Entered Level 5 of the Dungeon
  4061 | D:5      | Found a bloodstained altar of Trog.
  4231 | D:5      | Gained mutation: You have razor-sharp teeth. [Vine Stalker
                  | growth]
  4231 | D:5      | Reached XP level 8. HP: 21/44 MP: 9/9
  4283 | D:5      | Noticed Grinder
  4309 | D:5      | Killed Grinder
  4448 | D:5      | Noticed Eustachio
  4469 | D:5      | Killed Eustachio
  4522 | D:5      | Found a basalt altar of Yredelemnul.
  4522 | D:5      | Noticed Sigmund
  4525 | D:5      | Killed Sigmund
  4532 | D:5      | Reached ***** piety under Uskayaw
  4552 | D:5      | Reached XP level 9. HP: 50/50 MP: 10/10
  4912 | D:6      | Found a snail-covered altar of Cheibriados.
  5386 | D:6      | Found a hazy altar of Hepliaklqana.
  5388 | D:6      | Found a sparkling altar of Nemelex Xobeh.
  5390 | D:6      | Found a deep blue altar of Sif Muna.
  5998 | D:7      | You fall through a shaft for 3 floors!
  5998 | D:10     | Entered Level 10 of the Dungeon
  6686 | D:8      | Reached XP level 10. HP: 58/58 MP: 11/11
  7393 | D:7      | Found a runed gate.
  7394 | D:7      | Found a runed gate.
  7395 | D:7      | Found a runed gate.
  7396 | D:7      | Noticed arthad's ghost (novice TeBe)
  7507 | D:7      | Reached skill level 10 in Fighting
  8211 | D:9      | Reached skill level 10 in Short Blades
  8268 | D:9      | Noticed a death yak
  8271 | D:9      | Found a staircase to the Lair.
  8271 | D:9      | Noticed a death yak
  8271 | D:9      | Noticed a death yak
  8274 | D:9      | Noticed a death yak
  8306 | D:8      | Killed a death yak
  8514 | D:9      | HP: 3/60 [acid (4)]
  8774 | D:9      | Killed from afar by a vampire

Vault maps used:
D:1:      moated_graveyard_arrival, serial_forest, infiniplex_forest_straight_4,
          infiniplex_forest_clump_tiny, infiniplex_forest_straight_1,
          infiniplex_forest_straight_4, infiniplex_forest_straight_1,
          infiniplex_forest_straight_3, infiniplex_forest_clump_tiny,
          infiniplex_forest_lined_3
D:2:      evilmike_ruin_ashenzari, serial_forest, infiniplex_forest_corner_1,
          infiniplex_forest_straight_1, infiniplex_forest_lined_1,
          infiniplex_forest_straight_1, infiniplex_forest_zigzag_1,
          infiniplex_forest_straight_4, infiniplex_forest_end_2,
          infiniplex_forest_lined_3, minmay_rat_gold_closets, uniq_natasha
D:3:      fedhas_altar_2
D:4:      tgw_trog, minmay_temple_entry_proselytizer, nrook_campfire,
          uniq_edmund
D:5:      wad_woods_stonehenge, yredelemnul_altar_generic, first_ration,
          uniq_sigmund, uniq_grinder, uniq_eustachio
D:6:      cheibriados_altar_1, grunt_temple_overflow_open
D:7:      gammafunk_ghost_necromancy
D:9:      dpeg_lair_monsters, hangedman_pestilent_swarm
D:10:     serial_rivers, chequers_serial_rivers_micro_d,
          chequers_serial_rivers_small_3, chequers_serial_rivers_room_b,
          chequers_serial_rivers_small_3
Temple:   minmay_temple_curvy_branch

Skill      XL: |  1  2  3  4  5  6  7  8  9 10 |
---------------+-------------------------------+-----
Fighting       | 3 4 5 7 9 10 | 10.8
Short Blades   | 2 3 4 5 6 7 9 10 | 10.3
Armour         | |  2.8
Shields        | |  2.6
Invocations    | |  0.5

Action                   |  1- 3 |  4- 6 |  7- 9 | 10-12 || total
-------------------------+-------+-------+-------+-------++-------
Melee: Rapier            |   112 |    83 |       |    43 ||   238
       Bite              |    26 |   139 |   212 |   125 ||   502
       Dagger            |       |   250 |   538 |   269 ||  1057
Invok: Line Pass         |       |     1 |       |       ||     1
       Stomp             |       |       |       |     3 ||     3
  Use: Scroll            |     2 |     4 |     9 |     5 ||    20
       Potion            |       |       |    13 |       ||    13
 Stab: Paralysed         |       |     2 |    23 |    16 ||    41
  Eat: Chunk             |       |     7 |    13 |     7 ||    27
Armor: Scale mail        |    38 |    34 |       |       ||    72
       Plate armour      |       |    43 |   231 |   136 ||   410
       Skin              |       |       |    38 |       ||    38
Dodge: Dodged            |    30 |    46 |    77 |    72 ||   225
Block: Shield            |    47 |    41 |       |       ||    88

Table legend:
 A = Non-vault XP
 B = Vault XP
 C = Vault XP percentage of total XP
 D = Non-vault monster count
 E = Vault monster count
 F = Vault count percentage of total count
                 A         B        C        D         E       F
            +---------+---------+-------+---------+---------+-------
      Total |    6769 |    1988 |  22.7 |     235 |      24 |   9.3
            +---------+---------+-------+---------+---------+-------
        D:1 |      74 |       0 |   0.0 |      34 |       0 |   0.0
        D:2 |     108 |      42 |  28.0 |      26 |       8 |  23.5
        D:3 |      45 |       0 |   0.0 |      17 |       0 |   0.0
        D:4 |     348 |     219 |  38.6 |      11 |       7 |  38.9
        D:5 |     817 |     851 |  51.0 |      21 |       8 |  27.6
        D:6 |    1056 |       0 |   0.0 |      28 |       0 |   0.0
        D:7 |    1317 |       0 |   0.0 |      46 |       0 |   0.0
        D:8 |    1557 |     876 |  36.0 |      32 |       1 |   3.0
        D:9 |    1431 |       0 |   0.0 |      19 |       0 |   0.0
       D:10 |      16 |       0 |   0.0 |       1 |       0 |   0.0
            +---------+---------+-------+---------+---------+-------
